TOP OF THE 1ST |
Brooklyn Dodgers batting - Pitching for Toledo Stingers : RHP Mason Saunders
|
Pitching: RHP Mason Saunders
|
|
Batting: RHB Ángel Saelices
|
0-0: Called Strike 0-1: Ball 1-1: Foul Ball, location: 2F 1-2: Ball 2-2: Ball 3-2: Foul Ball, location: 2F 3-2: Foul Ball, location: 2F 3-2: Base on Balls
|
Batting: LHB Tony Wonder
|
0-0: Ball 1-0: Ball 2-0: SINGLE (Line Drive, 8RS, EV 91.9 MPH) Ángel Saelices to second
|
Batting: RHB Juan Neváres
|
0-0: Ball 1-0: Called Strike 1-1: Foul Ball, location: 2F 1-2: Foul Ball, location: 2F 1-2: Foul Ball, location: 2F 1-2: Foul Ball, location: 2F 1-2: Ball 2-2: Ball 3-2: Strikes out swinging
|
Batting: LHB Richello Mabait
|
0-0: Swinging Strike 0-1: Ball 1-1: Ball 2-1: Swinging Strike 2-2: Ball 3-2: Fielders Choice at 2nd, 3-6 (Groundball, 34, EV 98.8 MPH) Ángel Saelices to third
|
Batting: RHB Joey Trifone
|
0-0: Swinging Strike 0-1: Foul Ball, location: 2F 0-2: Strikes out swinging
|
Top of the 1st over - 0 runs, 1 hit, 0 errors, 2 left on base; Brooklyn 0 - Toledo 0 |
BOTTOM OF THE 1ST |
Toledo Stingers batting - Pitching for Brooklyn Dodgers : RHP Alfredo Molina
|
Pitching: RHP Alfredo Molina
|
|
Batting: LHB Lester Threlfall
|
0-0: Ball 1-0: Ball 2-0: Called Strike 2-1: Ball 3-1: Foul Ball, location: 2F 3-2: Base on Balls
|
Batting: LHB Matt Dunlap
|
0-0: Called Strike Lester Threlfall steals 2nd base 0-1: Fly out, F9 (Flyball, 89D, EV 89.4 MPH)
|
Batting: RHB Baldomero Avino
|
0-0: Ball 1-0: Foul Ball, location: 2F 1-1: Ball 2-1: Foul Ball, location: 2F 2-2: Ball 3-2: Fly out, F7 (Flyball, 7S, EV 85.6 MPH)
|
Batting: LHB Pedro Serano
|
0-0: Ground out 4-3 (Groundball, 4, EV 80.0 MPH)
|
Bottom of the 1st over - 0 runs, 0 hits, 0 errors, 1 left on base; Brooklyn 0 - Toledo 0 |
TOP OF THE 2ND |
Brooklyn Dodgers batting - Pitching for Toledo Stingers : RHP Mason Saunders
|
Batting: SHB Fa-hsien Tze
|
0-0: Ball 1-0: Foul Ball, location: 2F 1-1: Ground out 1-3 (Groundball, 13S, EV 67.5 MPH)
|
Batting: SHB Koryusai Ohayashi
|
0-0: Called Strike 0-1: Ball 1-1: Ball 2-1: Ground out 5-3 (Groundball, 5L, EV 101.9 MPH)
|
Batting: LHB Huibrecht Bloemheuvel
|
0-0: Ball 1-0: Ball 2-0: Ball 3-0: Base on Balls
|
Batting: RHB Alexis Hines
|
0-0: Fly out, F3 (Popup, 23F, EV 84.4 MPH)
|
Top of the 2nd over - 0 runs, 0 hits, 0 errors, 1 left on base; Brooklyn 0 - Toledo 0 |
BOTTOM OF THE 2ND |
Toledo Stingers batting - Pitching for Brooklyn Dodgers : RHP Alfredo Molina
|
Batting: SHB Adam Clements
|
0-0: Foul Ball, location: 2F 0-1: Foul Ball, location: 2F 0-2: Foul Ball, location: 2F 0-2: Foul Ball, location: 2F 0-2: Ground out 1-3 (Groundball, 13S, EV 68.1 MPH)
|
Batting: RHB Jesse Garrett
|
0-0: Foul Ball, location: 2F 0-1: Ball 1-1: Called Strike 1-2: Foul Ball, location: 2F 1-2: Foul Ball, location: 2F 1-2: Ball 2-2: Ground out U3 (Groundball, 34, EV 81.9 MPH)
|
Batting: LHB Grover Barbaran
|
0-0: Ball 1-0: Ball 2-0: Swinging Strike 2-1: Ball 3-1: Base on Balls
|
Batting: RHB Jesús Morán
|
0-0: Ball 1-0: Ball 2-0: Fielders Choice at 2nd, 6-4 (Groundball, 6, EV 106.2 MPH)
|
Bottom of the 2nd over - 0 runs, 0 hits, 0 errors, 1 left on base; Brooklyn 0 - Toledo 0 |
TOP OF THE 3RD |
Brooklyn Dodgers batting - Pitching for Toledo Stingers : RHP Mason Saunders
|
Batting: RHB Ángel Saelices
|
0-0: Ball 1-0: Ground out 1-3 (Groundball, 13, EV 85.6 MPH)
|
Batting: LHB Tony Wonder
|
0-0: Ball 1-0: Foul Ball, location: 2F 1-1: Foul Ball, location: 2F 1-2: Foul Ball, location: 2F 1-2: Foul Ball, location: 2F 1-2: Foul Ball, location: 2F 1-2: Ground out U3 (Groundball, 3, EV 110.6 MPH)
|
Batting: RHB Juan Neváres
|
0-0: Ball 1-0: Fly out, F8 (Flyball, 8RD, EV 95.0 MPH)
|
Top of the 3rd over - 0 runs, 0 hits, 0 errors, 0 left on base; Brooklyn 0 - Toledo 0 |
BOTTOM OF THE 3RD |
Toledo Stingers batting - Pitching for Brooklyn Dodgers : RHP Alfredo Molina
|
Batting: LHB Joe Clark
|
0-0: Reached on error, E3 (Groundball, 3L, EV 108.8 MPH)
|
Batting: LHB Lester Threlfall
|
0-0: Ball 1-0: Ball 2-0: Ball 3-0: Called Strike 3-1: Base on Balls Joe Clark to second
|
Batting: LHB Matt Dunlap
|
0-0: Ball 1-0: Ball 2-0: Fly out, F7 (Flyball, 7LDF, EV 82.5 MPH)
|
Batting: RHB Baldomero Avino
|
0-0: Foul Ball, location: 2F 0-1: Ball 1-1: Called Strike 1-2: Strikes out swinging
|
Batting: LHB Pedro Serano
|
0-0: Fly out, F4 (Popup, 4MD, EV 58.8 MPH)
|
Bottom of the 3rd over - 0 runs, 0 hits, 1 error, 2 left on base; Brooklyn 0 - Toledo 0 |
TOP OF THE 4TH |
Brooklyn Dodgers batting - Pitching for Toledo Stingers : RHP Mason Saunders
|
Batting: LHB Richello Mabait
|
0-0: Swinging Strike 0-1: Ball 1-1: SINGLE (Flyball, 89S, EV 83.1 MPH)
|
Batting: RHB Joey Trifone
|
0-0: Called Strike 0-1: Foul Ball, location: 2F 0-2: Ball 1-2: Ball 2-2: Ball 3-2: Grounds into double play, 1-4-3 (Groundball, 15, EV 68.8 MPH)
|
Batting: SHB Fa-hsien Tze
|
0-0: SINGLE (Flyball, 9LM, EV 96.2 MPH)
|
Batting: SHB Koryusai Ohayashi
|
0-0: Called Strike 0-1: Ball 1-1: Ball 2-1: Foul Ball, location: 2F 2-2: SINGLE (Groundball, 56D, EV 95.0 MPH) Fa-hsien Tze to second Runner from 2nd tries for 3rd, SAFE, no throw by LF
|
Batting: LHB Huibrecht Bloemheuvel
|
0-0: Ball Koryusai Ohayashi is caught stealing 2nd base 2-6
|
Top of the 4th over - 0 runs, 3 hits, 0 errors, 1 left on base; Brooklyn 0 - Toledo 0 |
BOTTOM OF THE 4TH |
Toledo Stingers batting - Pitching for Brooklyn Dodgers : RHP Alfredo Molina
|
Batting: SHB Adam Clements
|
0-0: SOLO HOME RUN (Flyball, 9D, EV 97.5 MPH), Distance : 384 ft
|
Batting: RHB Jesse Garrett
|
0-0: Ball 1-0: Foul Ball, location: 2F 1-1: Ball 2-1: Fly out, F8 (Line Drive, 8LD, EV 98.1 MPH)
|
Batting: LHB Grover Barbaran
|
0-0: Ball 1-0: Ball 2-0: Ball 3-0: Base on Balls
|
Batting: RHB Jesús Morán
|
0-0: Ball 1-0: Ball 2-0: Ball 3-0: Called Strike 3-1: Foul Ball, location: 2F 3-2: Base on Balls Grover Barbaran to second
|
Batting: LHB Joe Clark
|
0-0: Ball 1-0: Fielders Choice at 2nd, 1-6 (Groundball, 13, EV 70.6 MPH) Grover Barbaran to third
|
Batting: LHB Lester Threlfall
|
0-0: Called Strike 0-1: Foul Ball, location: 2F 0-2: Ball 1-2: Foul Ball, location: 2F 1-2: Fly out, F7 (Flyball, 7S, EV 88.8 MPH)
|
Bottom of the 4th over - 1 run, 1 hit, 0 errors, 2 left on base; Brooklyn 0 - Toledo 1 |
TOP OF THE 5TH |
Brooklyn Dodgers batting - Pitching for Toledo Stingers : RHP Mason Saunders
|
Batting: LHB Huibrecht Bloemheuvel
|
0-0: Foul Ball, location: 2F 0-1: Swinging Strike 0-2: Ball 1-2: Foul Ball, location: 2F 1-2: Ground out 2-3 (Groundball, 2L, EV 66.9 MPH)
|
Batting: RHB Alexis Hines
|
0-0: Foul Ball, location: 2F 0-1: Ball 1-1: Called Strike 1-2: Ball 2-2: Ground out 1-3 (Groundball, 15, EV 80.6 MPH)
|
Batting: RHB Ángel Saelices
|
0-0: Ball 1-0: Called Strike 1-1: Called Strike 1-2: Foul Ball, location: 2F 1-2: SINGLE (Line Drive, 89M, EV 104.4 MPH)
|
Batting: LHB Tony Wonder
|
0-0: Called Strike 0-1: Ball 1-1: Ball 2-1: Foul Ball, location: 2F 2-2: Ball 3-2: SINGLE (Flyball, 78M, EV 92.5 MPH) Ángel Saelices to second Ángel Saelices to third
|
Batting: RHB Juan Neváres
|
0-0: Called Strike 0-1: Called Strike Pickoff Throw to First - Out! 1-3
|
Top of the 5th over - 0 runs, 2 hits, 0 errors, 1 left on base; Brooklyn 0 - Toledo 1 |
BOTTOM OF THE 5TH |
Toledo Stingers batting - Pitching for Brooklyn Dodgers : RHP Alfredo Molina
|
Batting: LHB Matt Dunlap
|
0-0: Ball 1-0: Ground out 4-3 (Groundball, 4, EV 84.4 MPH)
|
Batting: RHB Baldomero Avino
|
0-0: Ball 1-0: Called Strike 1-1: Ball 2-1: Ball 3-1: SINGLE (Flyball, 78M, EV 91.9 MPH)
|
Batting: LHB Pedro Serano
|
0-0: Ball 1-0: Foul Ball, location: 2F 1-1: Foul Ball, location: 2F 1-2: SINGLE (Groundball, 34D, EV 101.9 MPH) Baldomero Avino to second Runner from 2nd tries for 3rd, SAFE, no throw by RF
|
Batting: SHB Adam Clements
|
0-0: Ground out 3-1 (Groundball, 3S, EV 90.0 MPH) Baldomero Avino scores Pedro Serano to second
|
Batting: RHB Jesse Garrett
|
0-0: Ball 1-0: Fly out, F5 (Popup, 56, EV 58.1 MPH)
|
Bottom of the 5th over - 1 run, 2 hits, 0 errors, 1 left on base; Brooklyn 0 - Toledo 2 |
TOP OF THE 6TH |
Brooklyn Dodgers batting - Pitching for Toledo Stingers : RHP Mason Saunders
|
Batting: RHB Juan Neváres
|
0-0: Called Strike 0-1: Swinging Strike 0-2: Ball 1-2: Ball 2-2: Strikes out swinging
|
Batting: LHB Richello Mabait
|
0-0: Foul Ball, location: 2F 0-1: Called Strike 0-2: Fly out, F9 (Flyball, 89S, EV 87.5 MPH)
|
Batting: RHB Joey Trifone
|
0-0: Swinging Strike 0-1: Foul Ball, location: 2F 0-2: Strikes out swinging
|
Top of the 6th over - 0 runs, 0 hits, 0 errors, 0 left on base; Brooklyn 0 - Toledo 2 |
BOTTOM OF THE 6TH |
Toledo Stingers batting - Pitching for Brooklyn Dodgers : RHP Alfredo Molina
|
Batting: LHB Grover Barbaran
|
0-0: Ball 1-0: Called Strike 1-1: Ball 2-1: Foul Ball, location: 2F 2-2: Fly out, F9 (Flyball, 89S, EV 90.6 MPH)
|
Batting: RHB Jesús Morán
|
0-0: Ground out 6-3 (Groundball, 56, EV 84.4 MPH)
|
Batting: LHB Joe Clark
|
0-0: Ball 1-0: Swinging Strike 1-1: Fly out, F9 (Line Drive, 9, EV 88.8 MPH)
|
Bottom of the 6th over - 0 runs, 0 hits, 0 errors, 0 left on base; Brooklyn 0 - Toledo 2 |
TOP OF THE 7TH |
Brooklyn Dodgers batting - Pitching for Toledo Stingers : RHP Mason Saunders
|
Pitching: RHP Ron Manning
|
|
Batting: SHB Fa-hsien Tze
|
0-0: Ball 1-0: Ball 2-0: SINGLE (Groundball, 34D, EV 99.4 MPH)
|
Batting: SHB Koryusai Ohayashi
|
0-0: Ball 1-0: Bunt missed! 1-1: Ball 2-1: Sac Bunt to 13S - play at first, batter safe! Fa-hsien Tze to second
|
Batting: LHB Huibrecht Bloemheuvel
|
0-0: Called Strike 0-1: Called Strike 0-2: Strikes out swinging
|
Batting: RHB Alexis Hines
|
0-0: Ball 1-0: Ball 2-0: Grounds into double play, 5-4-3 (Groundball, 56, EV 85.6 MPH)
|
Top of the 7th over - 0 runs, 2 hits, 0 errors, 1 left on base; Brooklyn 0 - Toledo 2 |
BOTTOM OF THE 7TH |
Toledo Stingers batting - Pitching for Brooklyn Dodgers : RHP Alfredo Molina
|
Batting: LHB Lester Threlfall
|
0-0: Ball 1-0: Ball 2-0: Foul Ball, location: 2F 2-1: Foul Ball, location: 2F 2-2: Ball 3-2: Ground out 4-3 (Groundball, 4, EV 83.1 MPH)
|
Pitching: LHP Holden Rosen Grupp
|
|
Batting: LHB Matt Dunlap
|
0-0: Ground out 6-3 (Groundball, 6M, EV 84.4 MPH)
|
Batting: RHB Baldomero Avino
|
0-0: Swinging Strike 0-1: Ball 1-1: Foul Ball, location: 2F 1-2: Ground out 5-3 (Groundball, 56, EV 85.6 MPH)
|
Bottom of the 7th over - 0 runs, 0 hits, 0 errors, 0 left on base; Brooklyn 0 - Toledo 2 |
TOP OF THE 8TH |
Brooklyn Dodgers batting - Pitching for Toledo Stingers : RHP Ron Manning
|
Batting: RHB Ángel Saelices
|
0-0: Ground out 5-3 (Groundball, 56S, EV 85.0 MPH)
|
Batting: LHB Tony Wonder
|
0-0: Foul Ball, location: 2F 0-1: SINGLE (Groundball, 4D, EV 101.9 MPH)
|
Batting: RHB Juan Neváres
|
0-0: Ball 1-0: Ball 2-0: Called Strike 2-1: Grounds into double play, 5-4-3 (Groundball, 56, EV 101.2 MPH)
|
Top of the 8th over - 0 runs, 1 hit, 0 errors, 0 left on base; Brooklyn 0 - Toledo 2 |
BOTTOM OF THE 8TH |
Toledo Stingers batting - Pitching for Brooklyn Dodgers : LHP Holden Rosen Grupp
|
Batting: LHB Pedro Serano
|
0-0: Ball 1-0: Fly out, F7 (Flyball, 78M, EV 88.1 MPH)
|
Batting: SHB Adam Clements
|
0-0: Called Strike 0-1: Ground out 6-3 (Groundball, 6, EV 99.4 MPH)
|
Batting: RHB Jesse Garrett
|
0-0: Ground out 6-3 (Groundball, 6M, EV 83.1 MPH)
|
Bottom of the 8th over - 0 runs, 0 hits, 0 errors, 0 left on base; Brooklyn 0 - Toledo 2 |
TOP OF THE 9TH |
Brooklyn Dodgers batting - Pitching for Toledo Stingers : RHP Ron Manning
|
Pitching: RHP Yoriyoshi Sugimoto
|
|
Batting: LHB Richello Mabait
|
0-0: Swinging Strike 0-1: Swinging Strike 0-2: Strikes out looking
|
Batting: RHB Joey Trifone
|
0-0: Fly out, F3 (Popup, 3SF, EV 87.5 MPH)
|
Batting: SHB Fa-hsien Tze
|
0-0: Ball 1-0: Foul Ball, location: 2F 1-1: Called Strike 1-2: Ball 2-2: Foul Ball, location: 2F 2-2: SINGLE (Groundball, 6D, EV 96.9 MPH)
|
Batting: SHB Koryusai Ohayashi
|
0-0: Ball 1-0: Called Strike 1-1: SINGLE (Line Drive, 89S, EV 110.6 MPH) Fa-hsien Tze to second
|
Batting: LHB Huibrecht Bloemheuvel
|
0-0: Swinging Strike 0-1: Ball 1-1: Fly out, F7 (Flyball, 7, EV 85.0 MPH)
|
Top of the 9th over - 0 runs, 2 hits, 0 errors, 2 left on base; Brooklyn 0 - Toledo 2 |
|